 Dungeon Crawl Stone Soup version 0.21-a0-529-g8c7b3f5 (webtiles) character file.

68096 Amnesiac the Deadly Accurate (level 15, -3/171 HPs)
             Began as an Ogre Arcane Marksman on Dec 11, 2017.
             Was the Champion of Okawaru.
             Slain by a deep troll (9 damage)
             ... on level 1 of the Depths.
             The game lasted 01:09:54 (25239 turns).

Amnesiac the Deadly Accurate (OgAM)                Turns: 25239, Time: 01:09:56

Health: -3/171     AC: 16    Str: 26    XL:     15   Next: 25%
Magic:  20/20      EV:  9    Int: 15    God:    Okawaru [******]
Gold:   1037       SH:  0    Dex: 12    Spells: 14/24 levels left

rFire    . . .     SeeInvis +   a - +12 lajatang of Invincibility {drain, rElec Dex+4}
rCold    . . .     Gourm    .   (shield currently unavailable)
rNeg     . . .     Faith    +   v - +0 acid dragon scales
rPois    +         Spirit   .   M - +2 hat {MR+}
rElec    +         Reflect  .   I - +2 cloak {rPois}
rCorr    +         Harm     .   (gloves unavailable)
MR       ++...                  (boots unavailable)
Stlth    +.........             d - amulet of faith
HPRegen  0.38/turn              q - +5 ring of strength
MPRegen  0.17/turn              E - ring of see invisible

@: no status effects
A: large, unfitting armour, talons 1, iridescent scales 1, molten scales 1,
clumsy 1, deterioration 1, low mp 1, sense surroundings 1, electricity
resistance, tough skin 1, evolution 1, MP-powered wands
a: Heroism, Finesse, Renounce Religion


You were on level 1 of the Depths.
You worshipped Okawaru.
Okawaru was exalted by your worship.
You were not hungry.

You visited 3 branches of the dungeon, and saw 17 of its levels.
You also visited: Bailey.

You collected 1097 gold pieces.
You spent 60 gold pieces at shops.

Inventory:

Hand Weapons
 a - the +12 lajatang of Invincibility (weapon) {drain, rElec Dex+4}
   (Okawaru gifted it to you on level 10 of the Dungeon)

   A truly terrible weapon, it drains the life of those it strikes.
   It affects your dexterity (+4).
   It insulates you from electricity.
 b - a +8 quick blade
Missiles
 c - 12 large rocks (quivered)
 m - 5 throwing nets
 w - 71 poisoned needles
 y - 2 needles of sleeping
 B - 4 poisoned javelins
 F - 8 javelins
 H - 17 tomahawks
 J - a tomahawk of returning
 R - 8 steel javelins
Armour
 j - a +0 large shield
 r - a scarf of repulsion
 v - +0 acid dragon scales (worn)
 x - a +0 shield
 I - a +2 cloak of poison resistance (worn)
 M - a +2 hat of magic resistance (worn)
Jewellery
 d - an amulet of faith (around neck)
 l - an uncursed ring of wizardry
 n - an uncursed ring of protection from cold
 o - an uncursed amulet of guardian spirit
 q - a +5 ring of strength (left hand)
 E - a ring of see invisible (right hand)
 N - an uncursed ring of resist corrosion
Wands
 g - a wand of digging (8)
 C - a wand of acid (8)
Scrolls
 e - 8 scrolls of amnesia {!r}
 h - 2 scrolls of enchant armour {!r}
 i - 2 scrolls of acquirement {!r}
 k - 3 scrolls of magic mapping {!r}
 p - a scroll of fear {!r}
 t - 7 scrolls of teleportation {!r}
 z - 7 scrolls of blinking {!r}
 P - 4 scrolls of remove curse {!r}
 Q - 2 scrolls of enchant weapon {!r}
 U - a scroll of identify {!r}
 W - 2 scrolls of fog {!r}
Potions
 s - 6 potions of curing {!q}
 u - 4 potions of lignification {!q}
 D - 2 potions of flight {!q}
 G - 2 potions of resistance {!q}
 K - 2 potions of brilliance {!q}
 L - a potion of haste {!q}
 O - a potion of might {!q}
 V - a potion of berserk rage {!q}
 X - 2 potions of agility {!q}
 Y - a potion of mutation {!q}
 Z - a potion of invisibility {!q}
Books
 S - a book of Maledictions

   Spells                             Type                      Level
   a - Corona                         Hexes                        1
   b - Ensorcelled Hibernation        Hexes/Ice                    2
   c - Confuse                        Hexes                        3
   d - Tukima's Dance                 Hexes                        3
   e - Dazzling Spray                 Conjuration/Hexes            3
Comestibles
 f - 15 bread rations
 A - a meat ration


   Skills:
 - Level 16.6 Fighting
 - Level 18.0 Throwing
 - Level 1.7 Dodging
 + Level 7.8 Shields
 - Level 5.0 Spellcasting
 - Level 5.0 Hexes
 - Level 8.0 Invocations


You had 14 spell levels left.
You knew the following spells:

 Your Spells              Type           Power        Failure   Level  Hunger
a - Corona                Hex            ###....      2%          1    None
b - Portal Projectile     Hex/Tloc       ##....       22%         3    ###....
c - Cause Fear            Hex            ###.......   26%         4    ####...
e - Slow                  Hex            ###.....     3%          2    ##.....


Dungeon Overview and Level Annotations

Branches:
Dungeon (15/15)            Temple (1/1) D:7            Lair (0/6) D:10
    Orc (0/2) D:10         Vaults (0/5) D:14         Depths (1/5) D:15

Altars:
Ashenzari
Cheibriados
Dithmenos
Elyvilon
Fedhas
Gozag
Hepliaklqana
Kikubaaqudgha
Makhleb
Nemelex Xobeh
Okawaru
Qazlal
Ru
Sif Muna
Trog
Uskayaw
Vehumet
Wu Jian
Xom
Yredelemnul
Zin
The Shining One

Shops:
D:14 *?*}*

Portals:
Abyss: Depths:1


Innate Abilities, Weirdness & Mutations

You are too large for most types of armour.
You have tough skin. (AC +1)
You have sharp toenails.
You are partially covered in iridescent scales. (AC +2)
You are partially covered in molten scales. (AC +2)
You are clumsy. (Dex -2)
Your body sometimes deteriorates upon taking damage.
Your magical capacity is low. (-10% MP)
You passively map a small area around you.
You are resistant to electric shocks. (rElec)
You evolve.
You expend magic power (3 MP) to strengthen your wands.


Message History

The deep troll claws you!
* * * LOW HITPOINT WARNING * * *
The deep troll claws you.
* * * LOW HITPOINT WARNING * * *
You hit the deep troll. You drain the deep troll!
The deep troll is lightly wounded.
The deep troll bites you!
* * * LOW HITPOINT WARNING * * *
The deep troll claws you but does no damage.
The deep troll claws you.
* * * LOW HITPOINT WARNING * * *
The deep troll bites you but does no damage.
The deep troll claws you.
* * * LOW HITPOINT WARNING * * *
The deep troll claws you.
* * * LOW HITPOINT WARNING * * *
You slice the deep troll!! You drain the deep troll!
The deep troll is heavily wounded.
The deep troll barely misses you.
The deep troll claws you but does no damage. x2
You hit the deep troll.
The deep troll is heavily wounded.
The deep troll bites you but does no damage.
The deep troll claws you but does no damage.
The deep troll closely misses you.
The deep troll bites you but does no damage.
The deep troll claws you.
* * * LOW HITPOINT WARNING * * *
The deep troll claws you but does no damage.
You barely miss the deep troll.
The deep troll is heavily wounded.
The deep troll bites you.
* * * LOW HITPOINT WARNING * * *
The deep troll barely misses you.
The deep troll claws you but does no damage.
You closely miss the deep troll.
The deep troll is heavily wounded.
The deep troll bites you!
* * * LOW HITPOINT WARNING * * *
The deep troll claws you but does no damage.
The deep troll barely misses you.
You are too injured to fight recklessly!
You are too injured to fight recklessly!
Throwing (i - inventory. (,) - cycle):
c - 14 large rocks (quivered)
Press: ? - help, Shift-Dir - straight line, f/p - deep troll
Aim: a deep troll (heavily wounded, lightly drained)
You throw a large rock. The large rock hits the deep troll!!
The deep troll is severely wounded.
The deep troll bites you!
* * * LOW HITPOINT WARNING * * *
The deep troll claws you but does no damage.
The deep troll claws you!
* * * LOW HITPOINT WARNING * * *
The deep troll bites you.
* * * LOW HITPOINT WARNING * * *
The deep troll barely misses you. The deep troll claws you!
* * * LOW HITPOINT WARNING * * *
Throwing (i - inventory. (,) - cycle):
c - 13 large rocks (quivered)
Press: ? - help, Shift-Dir - straight line, f/p - deep troll
Aim: a deep troll (severely wounded, lightly drained)
You throw a large rock.
The large rock barely misses the deep troll.
The deep troll barely misses you. The deep troll claws you!
You die...

#............# , ,
####..##.....# , ,
#####.....# , ,* , ,
######.....# * .,
##.#....#.#.#########.(
,
#.......###>.#....$(((.
, ,
#......####.##.....(...
,
#..............(.(.....
#..............@[......
,
##........".....(T......
,
..÷#####################
#)..≈≈≈≈≈≈≈≈≈≈≈≈≈ ≈ ≈≈ ≈
................., ,
................. ,
................., ,
................. ,, ,
................. ,, ,,
,


You could see a deep troll.

Vanquished Creatures
  Kirke (D:14)
  2 stone giants (Depths:1)
  Azrael (D:14)
  An ettin (Depths:1)
  A yaktaur captain (D:15)
  A fire dragon (Depths:1)
  A great orb of eyes (Depths:1)
  Harold (D:11)
  8 vault guards
  3 hydras
  An ice dragon (Depths:1)
  7 centaur warriors
  8 two-headed ogres
  An orc high priest (Bailey)
  A deep troll shaman (Depths:1)
  3 deep trolls (Depths:1)
  A flayed ghost (Depths:1)
  A wizard (Depths:1)
  An unseen horror (D:15)
  An orb spider (shapeshifter) (Depths:1)
  3 deep elf magi
  2 wolf spider zombies
  A manticore (D:14)
  18 ugly things
  A faun (shapeshifter) (Depths:1)
  2 cyclopes
  2 centaur zombies
  Maurice (D:8)
  Psyche (D:10)
  A komodo dragon (D:10)
  2 gargoyles
  A yaktaur (D:15)
  3 kobold demonologists
  A komodo dragon (shapeshifter) (Depths:1)
  An efreet (D:13)
  5 meliai
  4 trolls
  A wolf spider simulacrum (D:14)
  3 hornets
  4 hippogriffs
  11 slime creatures
  A meliai zombie (D:14)
  A shadow (D:13)
  A spriggan (D:10)
  A centaur simulacrum (D:15)
  2 vampires
  2 wraiths (D:14)
  16 yaks
  4 hogs (D:14)
  2 wyverns
  3 fire elementals (D:14)
  A human (D:10)
  Menkaure (D:5)
  2 steam dragons
  9 vampire mosquitoes
  2 hungry ghosts
  An acid dragon (D:13)
  15 orc warriors
  A hell hound (D:14)
  2 ice beasts
  A black bear (D:8)
  2 sky beasts
  10 ogres
  23 centaurs
  2 phantoms
  4 big kobolds (D:12)
  2 crocodiles (D:10)
  A gnoll sergeant (D:11)
  8 bullfrogs
  A wyvern zombie (D:14)
  A water moccasin zombie (D:5)
  A wyvern skeleton (D:9)
  5 scorpions
  5 howler monkeys
  4 killer bees (D:13)
  28 wights
  5 electric eels (Bailey)
  18 crimson imps
  3 bullfrog zombies
  4 jellies
  5 hounds
  2 gnoll shamans
  16 orc priests
  6 centaur skeletons
  3 bullfrog skeletons
  13 orc wizards
  18 worker ants
  5 iguanas
  A hound skeleton (D:4)
  A worker ant zombie (D:10)
  13 gnolls
  15 adders
  5 shadow imps
  An ooze (D:4)
  2 dart slugs
  A worm (D:3)
  6 leopard geckos
  70 orcs
  A giant cockroach (D:8)
  13 goblins
  11 hobgoblins
  2 jackals (D:2)
  10 quokkas
  A ball python skeleton (D:4)
  6 bats
  8 frilled lizards
  9 kobolds
  A quokka zombie (D:9)
  9 rats
  A butterfly (D:10)
563 creatures vanquished.

Vanquished Creatures (others)
  A human (D:14)
  A killer bee (D:13)
  A hobgoblin (Bailey)
  2 plants (D:14)
5 creatures vanquished.

Grand Total: 568 creatures vanquished

Notes
Turn   | Place    | Note
-------+----------+-------------------------------------------
     0 | D:1      | Amnesiac the Ogre Arcane Marksman began the quest for the Orb.
     0 | D:1      | Reached XP level 1. HP: 19/19 MP: 2/2
   721 | D:1      | Reached XP level 2. HP: 26/28 MP: 4/4
   725 | D:1      | Learned a level 2 spell: Slow
  1094 | D:2      | Reached XP level 3. HP: 12/35 MP: 5/5
  1499 | D:2      | Reached skill level 3 in Throwing
  1651 | D:2      | Learned a level 3 spell: Portal Projectile
  2166 | D:3      | Found a transporter.
  2186 | D:3      | Reached XP level 4. HP: 44/44 MP: 7/7
  2292 | D:3      | Found a shattered altar of Ashenzari.
  2386 | D:3      | Found a faded altar of an unknown god.
  2592 | D:3      | Found a transporter.
  2649 | D:3      | Reached XP level 5. HP: 53/53 MP: 8/8
  2678 | D:3      | Reached skill level 4 in Throwing
  3998 | D:3      | Reached XP level 6. HP: 27/62 MP: 9/9
  4189 | D:3      | Reached skill level 5 in Throwing
  4341 | D:4      | HP: 1/65 [orc/flail (9)]
  4355 | D:4      | Reached skill level 5 in Fighting
  4366 | D:4      | Reached XP level 7. HP: 17/72 MP: 10/10
  4490 | D:4      | Reached skill level 6 in Throwing
  6294 | D:5      | Entered Level 5 of the Dungeon
  6321 | D:5      | Reached skill level 7 in Throwing
  6555 | D:5      | Reached XP level 8. HP: 45/84 MP: 7/11
  7035 | D:5      | Reached skill level 8 in Throwing
  7545 | D:5      | Reached skill level 9 in Throwing
  7570 | D:5      | Reached XP level 9. HP: 96/96 MP: 12/12
  7593 | D:5      | Noticed Menkaure
  7595 | D:5      | Killed Menkaure
  8471 | D:6      | Noticed a two-headed ogre
  8488 | D:6      | Reached skill level 10 in Throwing
  8686 | D:6      | Learned a level 4 spell: Cause Fear
  8744 | D:6      | Found a bloodstained altar of Trog.
  8746 | D:6      | Found an ancient bone altar of Kikubaaqudgha.
  9005 | D:6      | Killed a two-headed ogre
  9066 | D:6      | Reached skill level 10 in Fighting
  9165 | D:7      | Reached skill level 11 in Throwing
  9250 | D:7      | Found a staircase to the Ecumenical Temple.
  9275 | Temple   | Entered the Ecumenical Temple
  9352 | Temple   | Became a worshipper of Warmaster Okawaru
  9391 | D:7      | Reached XP level 10. HP: 103/110 MP: 13/13
  9544 | D:7      | Reached skill level 1 in Invocations
  9773 | D:7      | Reached * piety under Okawaru
 10351 | D:7      | Found a shimmering altar of Xom.
 10570 | D:8      | Found a flagged portal.
 10602 | Bailey   | Entered a bailey
 10965 | Bailey   | Found an iron altar of Okawaru.
 10965 | Bailey   | Noticed an orc high priest
 10966 | Bailey   | Noticed a kobold demonologist
 10988 | Bailey   | Killed an orc high priest
 10988 | Bailey   | Reached ** piety under Okawaru
 10988 | Bailey   | Reached skill level 12 in Throwing
 11161 | Bailey   | Killed a kobold demonologist
 11380 | Bailey   | Reached *** piety under Okawaru
 11973 | Bailey   | Got an encrusted hand crossbow
 12612 | Bailey   | Received a gift from Okawaru
 13246 | Bailey   | Reached XP level 11. HP: 89/120 MP: 14/14
 13400 | D:8      | Noticed Maurice
 13420 | D:8      | Killed Maurice
 13435 | D:8      | Identified the +9 hand crossbow of Itaraf {velocity, rElec Str+6} (You took it off a goblin in a bailey)
 13910 | D:8      | Received a gift from Okawaru
 13910 | D:8      | Reached skill level 5 in Invocations
 14298 | D:9      | Noticed a two-headed ogre
 14353 | D:8      | Killed a two-headed ogre
 14353 | D:8      | Reached **** piety under Okawaru
 14353 | D:8      | Reached skill level 13 in Throwing
 14478 | D:9      | Received a gift from Okawaru
 14871 | D:9      | Gained mutation: You expend magic power (3 MP) to strengthen your wands. [mutagenic meat]
 14872 | D:9      | Gained mutation: You are partially covered in molten scales. (AC +2) [mutagenic meat]
 14873 | D:9      | Gained mutation: Your spells are a little harder to cast, but a little more powerful. [mutagenic meat]
 14874 | D:9      | Gained mutation: You are agile. (Dex +2) [mutagenic meat]
 14875 | D:9      | Gained mutation: Your body sometimes deteriorates upon taking damage. [mutagenic meat]
 14876 | D:9      | Lost mutation: You are agile. (Dex +2) [potion of mutation]
 14876 | D:9      | Lost mutation: Your spells are a little harder to cast, but a little more powerful. [potion of mutation]
 14876 | D:9      | Gained mutation: You are clumsy. (Dex -2) [potion of mutation]
 14876 | D:9      | Gained mutation: You evolve. [potion of mutation]
 14876 | D:9      | Gained mutation: You are resistant to hostile enchantments. (MR+) [potion of mutation]
 14877 | D:9      | Lost mutation: You are partially covered in molten scales. (AC +2) [potion of mutation]
 14877 | D:9      | Lost mutation: You expend magic power (3 MP) to strengthen your wands. [potion of mutation]
 14877 | D:9      | Lost mutation: Your body sometimes deteriorates upon taking damage. [potion of mutation]
 14877 | D:9      | Gained mutation: You passively map a small area around you. [potion of mutation]
 14877 | D:9      | Lost mutation: You are resistant to hostile enchantments. (MR+) [potion of mutation]
 14877 | D:9      | Gained mutation: You are resistant to hostile enchantments. (MR+) [potion of mutation]
 15091 | D:10     | Entered Level 10 of the Dungeon
 15109 | D:10     | Received a gift from Okawaru
 15211 | D:10     | Noticed a deep elf mage
 15213 | D:10     | Killed a deep elf mage
 15213 | D:10     | Reached ***** piety under Okawaru
 15213 | D:10     | Received a gift from Okawaru
 15663 | D:10     | Found a staircase to the Orcish Mines.
 15691 | D:10     | Noticed Psyche
 15695 | D:10     | Killed Psyche
 15695 | D:10     | Received a gift from Okawaru
 15724 | D:10     | Noticed a two-headed ogre
 15729 | D:10     | Killed a two-headed ogre
 15974 | D:10     | Found a staircase to the Lair.
 16259 | D:10     | Received a gift from Okawaru
 16262 | D:10     | Got a twisted lajatang {god gift}
 16263 | D:10     | Identified the +12 lajatang of Invincibility {drain, rElec Dex+4} (Okawaru gifted it to you on level 10 of the Dungeon)
 16397 | D:11     | Noticed Harold
 16406 | D:11     | Killed Harold
 16406 | D:11     | Reached skill level 14 in Throwing
 16406 | D:11     | Reached XP level 12. HP: 114/136 MP: 17/17
 16465 | D:11     | Noticed a five-headed hydra
 16470 | D:11     | Killed a five-headed hydra
 16715 | D:11     | Noticed a two-headed ogre
 16720 | D:11     | Killed a two-headed ogre
 16994 | D:11     | Noticed a two-headed ogre
 16999 | D:11     | Killed a two-headed ogre
 16999 | D:11     | Received a gift from Okawaru
 17288 | D:11     | Found a deep blue altar of Sif Muna.
 17463 | D:12     | Reached skill level 15 in Throwing
 17468 | D:12     | Reached ****** piety under Okawaru
 17632 | D:12     | Gained mutation: You are partially covered in molten scales. (AC +2) [mutagenic meat]
 17633 | D:12     | Lost mutation: You are resistant to hostile enchantments. (MR+) [mutagenic meat]
 17683 | D:12     | Noticed a two-headed ogre
 17686 | D:12     | Killed a two-headed ogre
 18126 | D:12     | Noticed a four-headed hydra
 18145 | D:12     | Killed a four-headed hydra
 18161 | D:12     | Reached XP level 13. HP: 132/148 MP: 19/19
 18251 | D:12     | Got a transparent demon whip {freeze}
 18252 | D:12     | Identified the +2 demon whip "Moimu" {freeze, Dex+2} (You took it off a meliai on level 12 of the Dungeon)
 18329 | D:12     | Received a gift from Okawaru
 18503 | D:12     | Got a crystal glaive
 18674 | D:13     | Reached skill level 16 in Throwing
 18775 | D:13     | Identified the +4 glaive of Disintegration {antimagic, rElec MR+ Dex+2} (You found it on level 12 of the Dungeon)
 18879 | D:13     | Reached skill level 15 in Fighting
 19278 | D:13     | Received a gift from Okawaru
 20394 | D:13     | Gained mutation: You have an increased reservoir of magic. (+10% MP) [mutagenic meat]
 20395 | D:13     | Gained mutation: You have sharp toenails. [mutagenic meat]
 20396 | D:13     | Gained mutation: Your body sometimes deteriorates upon taking damage. [mutagenic meat]
 20464 | D:12     | Lost mutation: You have an increased reservoir of magic. (+10% MP) [evolution]
 21012 | D:13     | Reached skill level 17 in Throwing
 21392 | D:13     | Gained mutation: You are very clumsy. (Dex -4) [mutagenic meat]
 21514 | D:13     | Gained mutation: You are partially covered in iridescent scales. (AC +2) [mutagenic meat]
 21516 | D:13     | Gained mutation: Your magical capacity is low. (-10% MP) [mutagenic meat]
 21517 | D:13     | Gained mutation: You expend magic power (3 MP) to strengthen your wands. [mutagenic meat]
 21600 | D:14     | Received a gift from Okawaru
 21667 | D:14     | Received a gift from Okawaru
 21689 | D:14     | Noticed Kirke
 21698 | D:14     | Noticed a sphinx
 21702 | D:14     | Killed Kirke
 21702 | D:14     | Received a gift from Okawaru
 21702 | D:14     | Reached XP level 14. HP: 109/161 MP: 18/18
 21819 | D:14     | Found Gauja Boxu's Assorted Antiques.
 21840 | D:14     | Bought a scroll of identify for 60 gold pieces
 22016 | D:14     | Noticed Azrael
 22034 | D:14     | Killed Azrael
 22418 | D:14     | Found a sacrificial altar of Ru.
 22581 | D:14     | Found Wolam's Gadget Shop.
 22646 | D:14     | Found Leosihib's General Store.
 22671 | D:14     | Found a gate to the Vaults.
 22827 | D:14     | Reached skill level 5 in Spellcasting
 22835 | D:14     | Gained mutation: You possess an exceptional clarity of mind. [mutagenic meat]
 22854 | D:14     | Found Qattam's General Store.
 22855 | D:14     | Found Ykathroq's Magic Scroll Emporium.
 22987 | D:14     | Received a gift from Okawaru
 22990 | D:14     | Got a faintly humming robe {god gift}
 23001 | D:14     | Identified the +4 robe of Indomitability {rF- rC- SInv Stlth+} (Okawaru gifted it to you on level 14 of the Dungeon)
 23104 | D:14     | Reached skill level 5 in Hexes
 23150 | D:15     | Entered Level 15 of the Dungeon
 23239 | D:15     | Found an ornate altar of the Wu Jian Council.
 23491 | D:15     | Found a staircase to the Depths.
 23580 | D:15     | Gained mutation: You are resistant to electric shocks. (rElec) [evolution]
 23623 | D:15     | Reached skill level 18 in Throwing
 23689 | D:15     | Reached skill level 1 in Shields
 24325 | D:15     | Paralysed by a hornet for 2 turns
 24413 | Depths:1 | Entered Level 1 of the Depths
 24437 | Depths:1 | Found a one-way gate to the infinite horrors of the Abyss.
 24489 | Depths:1 | Lost mutation: You possess an exceptional clarity of mind. [mutagenic meat]
 24494 | Depths:1 | Noticed a stone giant
 24685 | Depths:1 | Killed a stone giant
 24712 | Depths:1 | Reached skill level 5 in Shields
 24717 | Depths:1 | Received a gift from Okawaru
 24722 | Depths:1 | Reached XP level 15. HP: 142/171 MP: 18/20
 24793 | Depths:1 | Found a deep blue altar of Sif Muna.
 25126 | Depths:1 | Lost mutation: You are very clumsy. (Dex -4) [mutagenic meat]
 25232 | Depths:1 | Received a gift from Okawaru
 25238 | Depths:1 | HP: 6/171 [deep troll (12)]
 25239 | Depths:1 | Slain by a deep troll

Vault maps used:
D:1:      arrival_zaba_pyramid
D:2:      kennysheep_generic_room_4
D:3:      gammafunk_wand_slinger, cheibrodos_ashenzari_chains,
          chequers_ecumenical_altar_lobes, minivault_11,
          nicolae_underground_beach
D:4:      first_bread
D:5:      cheibrodos_fzero, uniq_menkaure
D:6:      nicolae_overflow_hidden_temple
D:7:      xom_butterflies, minmay_temple_entry_hall
D:8:      enter_bailey_3, due_unseen_surprise, uniq_maurice
D:10:     erik_lair_dragon, orc_0_dummy, hangedman_stone_soup, uniq_psyche
D:11:     minmay_misc_feat_secret_circle, lemuel_blue_sif_altar, uniq_harold
D:12:     kennysheep_windowed_halls
D:14:     erik_vaults_2, serial_shops, kennysheep_mini,
          nicolae_shop_overgrown_old_shop, shop_statue, shop, shop, basic_altar,
          uniq_kirke, uniq_azrael
D:15:     grunt_enter_depths_snipers, hangedman_decor_points, basic_altar
Temple:   eino_narrow_crystal_temple
Depths:1: abyss_entry, rand_demon_pan_entry_1, pf_coc_iceberg,
          lemuel_crystal_altar, evilmike_butchery, kennysheep_random_hallway,
          firewood_loft, minmay_shop_grove
Bailey:   bailey_axe_of_yendor_kennysheep, bailey

Skill      XL: |  1  2  3  4  5  6  7  8  9 10 11 12 13 14 15 |
---------------+----------------------------------------------+-----
Fighting       | 2 3 4 5 6 8 10 11 13 14 15 16 | 16.6
Hexes          | 3 5 |  5.0
Throwing       | 3 4 5 7 9 11 12 14 15 17 18 | 18.0
Spellcasting   | 2 3 5 |  5.0
Invocations    | 4 7 8 |  8.0
Shields        | 5 7 |  7.8
Dodging        | |  1.7

Action                   |  1- 3 |  4- 6 |  7- 9 | 10-12 | 13-15 || total
-------------------------+-------+-------+-------+-------+-------++-------
Melee: Unarmed           |    35 |       |       |       |       ||    35
       Hand axe          |    51 |    19 |       |       |       ||    70
       Spear             |       |    36 |   289 |   143 |       ||   468
       Lajatang          |       |       |       |    58 |   254 ||   312
       Kick              |       |       |       |       |    45 ||    45
 Fire: Hand crossbow     |       |       |       |   152 |       ||   152
Throw: Stone             |    31 |    99 |    66 |    52 |     1 ||   249
       Javelin           |     8 |     9 |    49 |   201 |    39 ||   306
       Large rock        |       |     4 |     9 |    82 |   256 ||   351
       Throwing net      |       |       |     2 |     1 |       ||     3
       Tomahawk          |       |       |       |    40 |    49 ||    89
 Cast: Corona            |    41 |    40 |    76 |    76 |       ||   233
       Slow              |       |     8 |    79 |    49 |     7 ||   143
Invok: Heroism           |       |       |       |       |     2 ||     2
       Finesse           |       |       |       |       |     2 ||     2
Evoke: Wand              |       |     2 |       |       |     2 ||     4
  Use: Potion            |     1 |    11 |     2 |     3 |     2 ||    19
       Scroll            |       |     7 |     1 |     8 |     7 ||    23
  Eat: Chunk             |     5 |     4 |    10 |    37 |    32 ||    88
       Royal jelly       |       |     1 |     1 |       |       ||     2
       Meat ration       |       |     1 |     1 |       |     3 ||     5
       Bread ration      |       |       |     1 |       |       ||     1
       Fruit             |       |       |     4 |     2 |       ||     6
Armor: Robe              |    25 |    12 |    48 |    62 |       ||   147
       Skin              |       |    55 |    30 |    11 |       ||    96
       Troll leather arm |       |       |       |    13 |    70 ||    83
       Acid dragon scale |       |       |       |       |   179 ||   179
Dodge: Dodged            |    57 |    42 |   142 |   197 |   204 ||   642

Table legend:
 A = Spawn XP
 B = Non-spawn XP
 C = Spawn XP percentage of total XP
 D = Spawn monster count
 E = Non-spawn monster count
 F = Spawn count percentage of total count
 G = Total turns spent on level
                    A         B        C        D         E        F      G
               +---------+---------+-------+---------+---------+-------+---------
         Total |       0 |   97280 |   0.0 |       0 |     562 |   0.0 | 25239
               +---------+---------+-------+---------+---------+-------+---------
           D:1 |       0 |      14 |   0.0 |       0 |       8 |   0.0 |  1099
           D:2 |       0 |      66 |   0.0 |       0 |      21 |   0.0 |  1176
           D:3 |       0 |     440 |   0.0 |       0 |      27 |   0.0 |  2861
           D:4 |       0 |     668 |   0.0 |       0 |      34 |   0.0 |  1296
           D:5 |       0 |    1419 |   0.0 |       0 |      32 |   0.0 |  1930
           D:6 |       0 |    1790 |   0.0 |       0 |      21 |   0.0 |  1044
           D:7 |       0 |    1093 |   0.0 |       0 |      30 |   0.0 |  1094
           D:8 |       0 |    2947 |   0.0 |       0 |      34 |   0.0 |   721
           D:9 |       0 |    2518 |   0.0 |       0 |      28 |   0.0 |   829
          D:10 |       0 |    3980 |   0.0 |       0 |      30 |   0.0 |  1409
          D:11 |       0 |    7411 |   0.0 |       0 |      30 |   0.0 |   815
          D:12 |       0 |   10385 |   0.0 |       0 |      74 |   0.0 |  2007
          D:13 |       0 |   15355 |   0.0 |       0 |      56 |   0.0 |  2256
          D:14 |       0 |   20128 |   0.0 |       0 |      53 |   0.0 |  1582
          D:15 |       0 |    7275 |   0.0 |       0 |      14 |   0.0 |  1435
        Temple |       0 |     178 |   0.0 |       0 |       2 |   0.0 |   254
      Depths:1 |       0 |   18773 |   0.0 |       0 |      25 |   0.0 |   644
        Bailey |       0 |    2840 |   0.0 |       0 |      43 |   0.0 |  2787
               +---------+---------+-------+---------+---------+-------+---------
